 Dungeon Crawl Stone Soup version 0.19.0-2-gae57169 (webtiles) character file.

1778 Mesmaeker13 the Caller (level 8, -2/61 HPs)
             Began as a Demonspawn Summoner on Nov 3, 2016.
             Succumbed to a green ugly thing's poison
             ... on level 7 of the Dungeon.
             The game lasted 00:28:28 (7592 turns).

Mesmaeker13 the Caller (Demonspawn Summoner)        Turns: 7592, Time: 00:28:29

Health: -2/61      AC:  7    Str: 14    XL:     8   Next: 81%
Magic:  9/14       EV: 14    Int: 21    God:
Gold:   314        SH:  0    Dex: 11    Spells: 4 memorised, 5 levels left

rFire  + + .     SeeInvis .     x - +0 spear
rCold  x . .     Gourm    .     v - +0 leather armour
rNeg   . . .     Faith    .     (no shield)
rPois  .         Spirit   .     (no helmet)
rElec  .         Reflect  .     (no cloak)
rCorr  .         Harm     .     L - +1 pair of gloves
MR     .....     Rnd*Tele +     (no boots)
Stlth  +++.......               (no amulet)
                                i - +2 ring of strength
                                g - ring of fire

@: brilliant, lethally poisoned (-2 -> -32)
A: claws 1, yellow scales 1, clumsy 1, fire resistance 1, nightstalker 2,
teleportitis 1
a: no special abilities


You were on level 7 of the Dungeon.
You were hungry.

You visited 1 branch of the dungeon, and saw 9 of its levels.

You collected 314 gold pieces.

Inventory:

Hand Weapons
 r - a +0 blowgun
 x - a +0 spear (weapon)
 z - a +3 dagger
Missiles
 s - 17 poisoned needles
Armour
 v - a +0 leather armour (worn)
 L - a +1 pair of gloves (worn)
Magical Staves
 M - an uncursed staff of air
Jewellery
 g - a ring of fire (left hand)
 i - a +2 ring of strength (right hand)
Wands
 a - a wand of flame (21/48)
 l - a wand of paralysis (10/24)
 A - a wand of slowing (28/48)
 B - a wand of digging (12/24)
 K - a wand of acid (1/15)
Scrolls
 k - 4 scrolls of remove curse
 o - 2 scrolls of blinking
 p - a scroll of teleportation
 G - a scroll of recharging {unknown}
 H - a scroll of enchant armour
Potions
 f - a potion of berserk rage {unknown}
 m - a potion of brilliance
 u - 2 potions of cancellation
 w - a potion of degeneration {unknown}
 D - a potion of lignification {unknown}
 F - a potion of agility {unknown}
 I - a potion of haste
Books
 b - a book of Callings

   Spells                             Type                      Level
   a - Summon Small Mammal            Summoning                    1
   b - Call Imp                       Summoning                    2
   c - Call Canine Familiar           Summoning                    3
   d - Summon Guardian Golem          Hexes/Summoning              3
   e - Summon Lightning Spire         Summoning/Air                4
   f - Summon Ice Beast               Ice/Summoning                4
 y - a book of Minor Magic

   Spells                             Type                      Level
   a - Magic Dart                     Conjuration                  1
   b - Blink                          Translocation                2
   c - Call Imp                       Summoning                    2
   d - Repel Missiles                 Charms/Air                   2
   e - Slow                           Hexes                        2
   f - Conjure Flame                  Conjuration/Fire             3
   g - Mephitic Cloud                 Conjuration/Poison/Air       3
Comestibles
 c - 3 bread rations
 d - 2 beef jerkies
 j - 5 meat rations
 n - a slice of pizza
 t - 2 fruits
 J - 4 chunks of flesh


   Skills:
 + Level 4.4 Fighting
 + Level 3.8 Polearms
 - Level 5.3 Dodging
 - Level 1.7 Stealth
 - Level 4.0 Spellcasting
 + Level 7.6 Summonings
 + Level 0.0 Ice Magic


You had 5 spell levels left.
You knew the following spells:

 Your Spells              Type           Power        Failure   Level  Hunger
a - Summon Small Mammal   Summ           ####         1%          1    None
b - Call Imp              Summ           #####...     1%          2    #......
c - Call Canine Familiar  Summ           #####...     1%          3    ###....
d - Summon Ice Beast      Ice/Summ       ####....     4%          4    ####...


Dungeon Overview and Level Annotations

Branches:
Dungeon (9/15)
 Temple: D:4-7         Lair: D:8-11         Orc: D:9-12

Altars:
Ashenzari
Dithmenos
Elyvilon
Vehumet
Zin
The Shining One

Annotations:
D:6 1994's ghost, novice DESk


Innate Abilities, Weirdness & Mutations

You have sharp fingernails.
You are partially covered in yellow scales. (AC +2)
You are significantly more attuned to the shadows.
You are clumsy. (Dex -2)
Your flesh is heat resistant. (rF+)
You are occasionally teleported next to monsters.


Message History

As you read the scroll of teleportation, it crumbles to dust.
You feel strangely unstable. The green ugly thing claws you.
* * * LOW HITPOINT WARNING * * *
You are lethally poisoned!
The green ugly thing poisons you!
* * * LOW HITPOINT WARNING * * *
You feel very sick.
You feel better. The green ugly thing claws you.
* * * LOW HITPOINT WARNING * * *
You are lethally poisoned!
The green ugly thing poisons you!
Your surroundings suddenly seem different.
* * * LOW HITPOINT WARNING * * *
You feel very sick.
It was a potion of mutation.
You feel extremely strange.
You feel clumsy.
You feel resistant to heat.
You feel weirdly uncertain.
* * * LOW HITPOINT WARNING * * *
You feel sick.
Unknown command.
You die...

.# #..# #.........# ##
#..##############(.......##
####..[........<........_...#
.....###############......###
############## ###...##
#.......# ##### #.#####.#
##### ######.# #.# ##...##
###### .......# #.###@###.##
#..... ######.# #.##.## ##.##
#.#### #.#####.#.## ##.# #[#
#.?...)...# #.# #.#
#########.## ##.# #.# ##.##
##.######.# ##<###.........#
##...########## #####


There were no monsters in sight!

Vanquished Creatures
  Pikel (D:7)
  An orc warrior (D:7)
  A sky beast (D:5)
  An ogre (D:4)
  A howler monkey (D:6)
  4 hounds
  A gnoll shaman (D:5)
  An orc priest (D:7)
  A bullfrog skeleton (D:5)
  An orc wizard (D:8)
  A worker ant (D:4)
  5 gnolls (D:5)
  3 adders
  An ooze (D:3)
  An adder zombie (D:8)
  2 adder skeletons (D:4)
  A dart slug (D:2)
  A leopard gecko (D:5)
  2 orcs
  8 bats
  3 giant cockroaches
  3 goblins
  4 hobgoblins
  5 jackals (D:6)
  A quokka (D:2)
  2 ball pythons
  9 kobolds
  5 rats
70 creatures vanquished.

Vanquished Creatures (collateral kills)
  Sigmund (D:2)
  An ice beast (D:6)
  A slave (D:7)
  4 phantoms
  An ogre (D:5)
  2 centaurs
  A bullfrog (D:7)
  A hound (D:7)
  A jelly (D:5)
  An orc priest (D:7)
  An iguana (D:5)
  2 worker ants
  3 adders
  An adder skeleton (D:5)
  5 worms
  A dart slug (D:1)
  6 orcs
  3 bats
  A goblin (D:2)
  3 hobgoblins (D:2)
  6 jackals
  A quokka (D:8)
  2 frilled lizards
  A kobold (D:1)
  3 rats
53 creatures vanquished.

Vanquished Creatures (others)
  A slave (D:7)
  A jelly (D:7)
2 creatures vanquished.

Grand Total: 125 creatures vanquished

Notes
Turn   | Place    | Note
-------+----------+-------------------------------------------
     0 | D:1      | Mesmaeker13 the Demonspawn Summoner began the quest for the Orb.
     0 | D:1      | Reached XP level 1. HP: 13/13 MP: 3/3
   839 | D:1      | Gained mutation: You are partially covered in yellow scales. (AC +2) [demonic ancestry]
   839 | D:1      | Reached XP level 2. HP: 8/19 MP: 3/5
  1395 | D:1      | Learned a level 2 spell: Call Imp
  1566 | D:2      | Reached XP level 3. HP: 22/24 MP: 3/6
  1656 | D:2      | Noticed Sigmund
  2394 | D:2      | Reached XP level 4. HP: 13/30 MP: 4/8
  2780 | D:2      | Killed Sigmund
  2780 | D:2      | Reached skill level 5 in Summonings
  2780 | D:2      | Gained mutation: You are slightly more attuned to the shadows. [demonic ancestry]
  2780 | D:2      | Reached XP level 5. HP: 35/35 MP: 5/9
  3036 | D:4      | Learned a level 3 spell: Call Canine Familiar
  3197 | D:4      | Noticed an ogre
  3205 | D:4      | Killed an ogre
  3205 | D:4      | Reached skill level 1 in Fighting
  3205 | D:4      | Gained mutation: You are significantly more attuned to the shadows. [demonic ancestry]
  3205 | D:4      | Reached XP level 6. HP: 41/43 MP: 8/11
  4025 | D:5      | Entered Level 5 of the Dungeon
  4460 | D:5      | Reached skill level 6 in Summonings
  4460 | D:5      | Reached XP level 7. HP: 49/49 MP: 10/13
  4651 | D:5      | Reached skill level 1 in Polearms
  5695 | D:5      | Found a glowing golden altar of the Shining One.
  6260 | D:6      | Noticed 1994's ghost (novice DESk)
  6426 | D:7      | Gained mutation: You have sharp fingernails. [demonic ancestry]
  6426 | D:7      | Reached XP level 8. HP: 42/58 MP: 8/14
  6455 | D:7      | Noticed Pikel
  6476 | D:7      | Killed Pikel
  6476 | D:7      | Reached skill level 5 in Dodging
  6476 | D:7      | Reached skill level 7 in Summonings
  6796 | D:7      | Found a white marble altar of Elyvilon.
  6796 | D:7      | Found a radiant altar of Vehumet.
  6797 | D:7      | Found a glowing silver altar of Zin.
  6910 | D:7      | Found a shattered altar of Ashenzari.
  7144 | D:8      | Learned a level 4 spell: Summon Ice Beast
  7150 | D:8      | Found a shadowy altar of Dithmenos.
  7432 | D:8      | Noticed a green ugly thing
  7458 | D:9      | Noticed a troll
  7588 | D:7      | HP: 1/61 [poisoned by a green ugly thing]
  7591 | D:7      | Gained mutation: You are clumsy. (Dex -2) [potion of mutation]
  7591 | D:7      | Gained mutation: Your flesh is heat resistant. (rF+) [potion of mutation]
  7591 | D:7      | Gained mutation: You are occasionally teleported next to monsters. [potion of mutation]
  7592 | D:7      | Succumbed to a green ugly thing's poison

Skill      XL: |  1  2  3  4  5  6  7  8 |
---------------+-------------------------+-----
Dodging        | 2 3 4 5 |  5.3
Spellcasting   | 3 4 |  4.0
Summonings     | 5 6 7 |  7.6
Fighting       | 1 3 4 |  4.4
Polearms       | 2 3 |  3.8
Stealth        | |  1.7

Action                   |  1- 3 |  4- 6 |  7- 9 || total
-------------------------+-------+-------+-------++-------
Melee: Dagger            |   152 |    22 |       ||   174
       Unarmed           |     3 |       |       ||     3
       Spear             |       |    74 |   205 ||   279
 Fire: Blowgun           |       |     6 |    19 ||    25
 Cast: Summon Small Mamm |    37 |     3 |       ||    40
       Call Imp          |     3 |    15 |    27 ||    45
       Call Canine Famil |       |     2 |    14 ||    16
Evoke: Wand              |       |       |     4 ||     4
  Use: Scroll            |     1 |     3 |     7 ||    11
       Potion            |       |     1 |     5 ||     6
 Stab: Distracted        |     3 |     1 |     2 ||     6
       Sleeping          |     4 |     4 |     3 ||    11
  Eat: Chunk             |     5 |     7 |     8 ||    20
       Bread ration      |       |       |     1 ||     1
Armor: Robe              |    53 |     8 |       ||    61
       Leather armour    |     1 |     5 |    44 ||    50
Dodge: Dodged            |   115 |    43 |    97 ||   255
